 Dungeon Crawl Stone Soup version 0.29.1-15-g9cfb28693d (webtiles) character file.

Game seed: 13714103863212848640

71 Cheops the Slasher (level 4, 0/33 HPs)
             Began as a Demonspawn Gladiator on Apr 4, 2023.
             Slain by Grinder (2 damage)
             ... on level 3 of the Dungeon.
             The game lasted 00:01:55 (2167 turns).

Cheops the Slasher (Demonspawn Gladiator)           Turns: 2167, Time: 00:01:56

Health: 0/33       AC:  7    Str: 16    XL:     4   Next: 5%
Magic:  4/4        EV: 12    Int: 10    God:
Gold:   125        SH:  0    Dex: 14    Spells: 3/3 levels left

rFire   . . .      SeeInvis .   a - +0 long sword
rCold   . . .      Faith    .   (no shield)
rNeg    . . .      Spirit   .   b - +0 leather armour
rPois   .          Reflect  .   c - +0 helmet
rElec   .          Harm     .   (no cloak)
rCorr   .          Rampage  .   (no gloves)
Will    .....                   k - +2 pair of boots
Stlth   +.........              (no amulet)
HPRegen 0.11/turn               (no ring)
MPRegen 0.09/turn               (no ring)

@: no status effects
A: demonic guardian 1, weakness stinger 1
a: no special abilities


You were on level 3 of the Dungeon.
You visited 1 branch of the dungeon, and saw 3 of its levels.

You collected 125 gold pieces.

Inventory:

Hand Weapons
 a - a +0 long sword (weapon)
Missiles
 d - 3 throwing nets (quivered)
 e - a javelin
Armour
 b - a +0 leather armour (worn)
 c - a +0 helmet (worn)
 k - a +2 pair of boots (worn)
Scrolls
 g - 3 scrolls of fear {unknown}
 h - 3 scrolls of identify {unknown}
 i - a scroll of brand weapon {unknown}
 j - a scroll of vulnerability {unknown}
 m - a scroll of enchant armour {unknown}
 p - 2 scrolls of teleportation {unknown}
 q - 2 scrolls of noise {unknown}
Potions
 f - 3 potions of mutation {unknown}


   Skills:
 - Level 2.0 Fighting
 + Level 4.5 Long Blades
 - Level 1.7 Throwing
 - Level 2.6 Dodging


You had 3 spell levels left.
You didn't know any spells.
Your spell library contained the following spells:

 Spells                   Type           Power      Damage    Failure   Level
 Blink                    Tloc           0%         N/A       56%         2
 Lesser Beckoning         Tloc           0%         N/A       80%         3
 Manifold Assault         Tloc           0%         N/A       100%        5


Dungeon Overview and Level Annotations

Branches:
Dungeon (3/15)

Altars:
Yredelemnul

Annotations:
D:3 Grinder


Innate Abilities, Weirdness & Mutations

A weak demonic guardian rushes to your aid.
You have a small tail.


Message History

Grinder is nearby!
Grinder rolls her eyes.
Grinder barely misses you.
You hit Grinder.
Your tail-slap misses Grinder.
Grinder is lightly wounded.
Grinder gestures at you.
You suddenly lose the ability to move!
Grinder blinks!
You can move again.
You barely miss Grinder.
Your tail-slap misses Grinder.
Grinder is lightly wounded.
Grinder blinks!
Grinder gestures at you. You resist with significant effort.
Grinder barely misses you.
Grinder is nearby!
Grinder is nearby!
Grinder is nearby!
Unknown command.
It was a potion of attraction.
You feel attractive to monsters. Grinder barely misses you.
It was a potion of curing.
You feel better. Grinder hits you.
You writhe in agony.
It was a potion of heal wounds.
You feel much better. Grinder hits you.
You writhe in agony.
It was a potion of cancellation.
Your magical effects are unravelling.
You feel magically purged. Grinder hits you.
You writhe in agony.
* * * LOW HITPOINT WARNING * * *
You feel less attractive to monsters.
It was a potion of magic.
Magic courses through your body. Grinder hits you!
* * * LOW HITPOINT WARNING * * *
A demonic guardian appears!
You writhe in agony.
* * * LOW HITPOINT WARNING * * *
You closely miss Grinder. Grinder hits you but does no damage.
You hit Grinder but do no damage. Your ufetubus hits Grinder.
Your ufetubus hits Grinder but does no damage.
Grinder hits you.
You die...

#.#########.
#......##...........
####......#############
#.........+ #.........#
#.........# #.........#
#.........# #.....@5..#
#.....5...#
#.###...####+######## #
#..........#........#
##
#####...##..#######.#
###. #...###.#######.#
#..[ #...# #.......#.#
#.## ##### #######...#
##.# ##..###..#


You could see Grinder (ally target) and a friendly ufetubus (summoned).

Vanquished Creatures
  4 adders
  A bat (D:1)
  3 endoplasms
  3 giant cockroaches
  3 goblins
  4 hobgoblins
  3 jackals (D:1)
  A kobold (D:1)
  A quokka (D:3)
  7 ball pythons
  A frilled lizard (D:1)
  A rat (D:2)
32 creatures vanquished.

Notes
Turn   | Place    | Note
-------+----------+-------------------------------------------
     0 | D:1      | Cheops the Demonspawn Gladiator began the quest for the
                  | Orb.
     0 | D:1      | Reached XP level 1. HP: 16/16 MP: 1/1
   153 | D:1      | Reached skill level 3 in Long Blades
   185 | D:1      | Gained mutation: You have a small tail. [demonic ancestry]
   185 | D:1      | Reached XP level 2. HP: 17/22 MP: 2/2
  1183 | D:2      | Gained mutation: A weak demonic guardian rushes to your
                  | aid. [demonic ancestry]
  1183 | D:2      | Reached XP level 3. HP: 27/27 MP: 3/3
  1204 | D:2      | Found a faded altar of an unknown god.
  1220 | D:2      | Reached skill level 4 in Long Blades
  1420 | D:2      | Found a basalt altar of Yredelemnul.
  2123 | D:3      | Reached XP level 4. HP: 33/33 MP: 4/4
  2150 | D:3      | Noticed Grinder
  2153 | D:3      | Paralysed by Grinder for 4 turns
  2167 | D:3      | Slain by Grinder

Illustrated notes

Levels and vault maps discovered:
D:1:      amcnicky_arrival_blooded_trapdoor, layout_basic,
          corexii_hall_statues_x, minmay_tetromino_o4
D:2:      layout_basic, basic_altar, nicolae_ecumenical_snake_handling,
          chequers_jeans, nicolae_figureground_pulse
D:3:      layout_basic, corexii_corridor_pit, uniq_grinder

Skill      XL: |  1  2  3 |
---------------+----------+-----
Long Blades    | 3 4 |  4.5
Fighting       | |  2.0
Throwing       | |  1.7
Dodging        | |  2.6

Action                   |  1- 3 |  4- 6 || total
-------------------------+-------+-------++-------
Melee: Long sword        |    75 |     4 ||    79
       Tailslap          |    13 |       ||    13
       Punch             |     1 |       ||     1
  Use: Potion            |       |     5 ||     5
 Stab: Sleeping          |     1 |       ||     1
Armor: Leather armour    |    37 |     1 ||    38
Dodge: Dodged            |    50 |     3 ||    53
